 Dungeon Crawl Stone Soup version 0.30-a0-341-g682706514a (webtiles) character file.

Game seed: 9843434050985986590

135 Kinoniko the Shooter (level 4, -1/37 HPs)
             Began as a Minotaur Hunter on Nov 2, 2022.
             Slain by a gnoll
             ... wielding a +0 club
             ... led by a gnoll bouda
              (6 damage)
             ... on level 3 of the Dungeon.
             The game lasted 00:02:04 (2018 turns).

Kinoniko the Shooter (Minotaur Hunter)              Turns: 2018, Time: 00:02:04

Health: -1/37      AC:  3    Str: 16    XL:     4   Next: 96%
Magic:  0/3        EV: 12    Int:  6    God:
Gold:   127        SH:  0    Dex: 15    Spells: 3/3 levels left

rFire   . . .      SeeInvis .    a - +0 shortbow
rCold   . . .      Faith    .    (shield currently unavailable)
rNeg    . . .      Spirit   +    c - +0 leather armour
rPois   .          Reflect  .    (helmet restricted)
rElec   .          Harm     .    (no cloak)
rCorr   .          Rampage  .    (no gloves)
Will    .....                    (no boots)
Stlth   +.........               l - amulet of guardian spirit
HPRegen 0.26/turn                (no ring)
MPRegen 0.08/turn                (no ring)

@: weakened
A: horns 2, retaliatory headbutt
a: no special abilities


You were on level 3 of the Dungeon.
You visited 1 branch of the dungeon, and saw 4 of its levels.

You collected 127 gold pieces.

Inventory:

Hand Weapons
 a - a +0 shortbow (weapon)
 j - a +1 vampiric short sword
Armour
 c - a +0 leather armour (worn)
Jewellery
 l - an amulet of guardian spirit (around neck)
Scrolls
 b - a scroll of immolation
 f - 2 scrolls of identify
 g - a scroll of enchant armour
 h - 2 scrolls of enchant weapon {unknown}
 i - 2 scrolls of vulnerability {unknown}
Potions
 d - 2 potions of curing {unknown}
 e - 2 potions of brilliance {unknown}
 k - a potion of lignification {unknown}
 m - a potion of haste {unknown}


   Skills:
 - Level 2.4 Fighting
 * Level 6.9 Ranged Weapons
 - Level 2.1 Dodging
 - Level 0.7 Stealth


You had 3 spell levels left.
You didn't know any spells.
Your spell library contained the following spells:

 Spells                   Type           Power      Damage    Failure   Level
 Sublimation of Blood     Necr           0%         N/A       67%         2
 Wereblood                Tmut           0%         N/A       67%         2
 Summon Hydra             Summ           0%         N/A       100%        7


Dungeon Overview and Level Annotations

Branches:
Dungeon (4/15)
 Temple: D:4-7

Altars:
Ru
The Shining One


Innate Abilities, Weirdness & Mutations

You have a pair of horns on your head.
You reflexively headbutt those who attack you in melee.


Message History

The gnoll bouda barks out a call to the hunt!
The gnolls pick up the pace!
The gnoll misses you.
You shoot an arrow.
The arrow hits the gnoll but does no damage.
The gnoll is heavily wounded.
You shoot an arrow.
The arrow hits the gnoll bouda but does no damage.
The gnoll bouda gazes fiercely through you!
You feel your attacks grow feeble.
The gnoll bouda hits you with a +0 whip!
You shoot an arrow.
The arrow hits the gnoll bouda but does no damage.
The gnoll hits you from afar with a +0 spear!
A gnoll comes into view. It is wielding a +0 whip.
The gnoll hits you with a +0 club. The gnoll bouda closely misses you.
The gnoll barely misses you.
You are too injured to fight recklessly!
You are too injured to fight recklessly!
You are too injured to fight recklessly!
Unknown command.
The gnoll hits you with a +0 club. The gnoll bouda completely misses you.
You furiously retaliate!
You headbutt the gnoll bouda.
The gnoll hits you from afar with a +0 spear.
* * * LOW HITPOINT WARNING * * *
You climb upwards.
There is a stone staircase leading down here.
Unknown command.
Okay, then.
As you read the scroll labelled FIDGHA AWIEWNI, it crumbles to dust.
It is a scroll of identify.
g - a scroll of enchant armour The gnoll hits you with a +0 club.
* * * LOW HITPOINT WARNING * * *
The gnoll bouda hits you with a +0 whip.
* * * LOW HITPOINT WARNING * * *
Unknown command.
Unknown command.
The gnoll hits you with a +0 club.
You die...

########.# #........# #.######.#
#.######.# #####......#### ####
#..##.#####....
...################.............#
...............g>g#._..#.########
...#############@##..............
...#############.##..########.###
####..............####........# #
...........###........#######.###
...........###.#.#....#.# #...#
...........##....+......#########
...........##..#.#....#.........#
...............#.#......#######.#
.....###.......#.#....#.### #.#


You could see a gnoll bouda and a gnoll (swift).

Vanquished Creatures
  A hound (D:4)
  A gnoll (D:4)
  2 adders
  2 worms
  9 endoplasms
  2 giant cockroaches
  3 goblins
  10 hobgoblins
  7 jackals
  6 kobolds
  2 quokkas
  13 ball pythons
  4 bats (D:1)
  3 frilled lizards (D:1)
  4 rats
69 creatures vanquished.

Vanquished Creatures (others)
  5 toadstools (D:4)
5 creatures vanquished.

Grand Total: 74 creatures vanquished

Notes
Turn   | Place    | Note
-------+----------+-------------------------------------------
     0 | D:1      | Kinoniko the Minotaur Hunter began the quest for the Orb.
     0 | D:1      | Reached XP level 1. HP: 18/18 MP: 0/0
     2 | D:1      | Noticed a spriggan
     4 | D:1      | Noticed a naga
     4 | D:1      | Noticed a minotaur
     6 | D:1      | Noticed a vine stalker
     6 | D:1      | Noticed a demigod
     8 | D:1      | Noticed an ogre
     8 | D:1      | Noticed a merfolk
    10 | D:1      | Noticed a human
    12 | D:1      | Noticed a demonspawn
    12 | D:1      | Noticed an octopode
    14 | D:1      | Noticed a felid
    16 | D:1      | Noticed a formicid
    16 | D:1      | Noticed a draconian
    18 | D:1      | Noticed a gargoyle
    18 | D:1      | Noticed an armataur
    20 | D:1      | Noticed a troll
    20 | D:1      | Noticed a tengu
    22 | D:1      | Noticed a ghoul
    22 | D:1      | Noticed an elf
    24 | D:1      | Noticed an elf
    24 | D:1      | Noticed a meteoran
    26 | D:1      | Noticed a ghoul
    66 | D:1      | Reached XP level 2. HP: 21/25 MP: 1/1
    68 | D:1      | Reached skill level 5 in Ranged Weapons
   335 | D:1      | Reached XP level 3. HP: 30/30 MP: 2/2
   490 | D:1      | Found a faded altar of an unknown god.
   773 | D:2      | Reached skill level 6 in Ranged Weapons
   911 | D:2      | Reached XP level 4. HP: 37/37 MP: 3/3
   922 | D:2      | You fall into a shaft and drop 2 floors!
  1032 | D:2      | Found a glowing golden altar of the Shining One.
  1969 | D:3      | Found a sacrificial altar of Ru.
  2018 | D:3      | Slain by a gnoll

Illustrated notes

Levels and vault maps discovered:
D:1:      kb_arrival_jail, layout_basic, shapermc_ecumenical_altar_mp_highgroup
D:2:      layout_rooms, basic_altar
D:3:      layout_basic, mainiacjoe_overflow_alcove_1, roderic_roman_lattice
D:4:      layout_basic, minmay_temple_entry_hall, ldierk_geyser,
          chequers_mini_garden, minmay_gold_behind_fungi, kennysheep_doodads

Skill      XL: |  1  2  3 |
---------------+----------+-----
Ranged Weapons | 5 6 |  6.9
Fighting       | |  2.4
Dodging        | |  2.1
Stealth        | |  0.7

Action                   |  1- 3 |  4- 6 || total
-------------------------+-------+-------++-------
 Fire: Shortbow          |   118 |    52 ||   170
  Use: Scroll            |       |     1 ||     1
Armor: Leather armour    |    14 |     2 ||    16
Dodge: Dodged            |    25 |    12 ||    37

Table legend: (Time is in decaauts)
 A = Elapsed time spent in this place.
 B = Non-inter-level travel time spent in this place.
 C = Inter-level travel time spent in this place.
 D = Time resting spent in this place.
 E = Time spent auto-exploring this place.
 F = Levels seen in this place.
 G = Mean time per level.
                   A        B        C        D        E       F      G
               +--------+--------+--------+--------+--------+-----+--------+
         Total |   2059 |   1989 |     70 |      0 |   1650 |   4 |  514.8 |
       Dungeon |   2059 |   1989 |     70 |      0 |   1650 |   4 |  514.8 |
               +--------+--------+--------+--------+--------+-----+--------+

Top non-repeatable levels by time:
     D:3: 810 daAuts
     D:1: 726 daAuts
     D:2: 457 daAuts
     D:4: 65 daAuts
